 Dungeon Crawl Stone Soup version bcrawl-1.37.2 (webtiles) character file.

Game seed: 7336589306874232866

370202 Mehrunes the Nimble (level 16, -3/103 HPs)
             Began as an Avariel Fire Elementalist on Nov 4, 2022.
             Was the Champion of Sif Muna.
             Slain by the 27-headed Lernaean hydra (5 damage)
             ... on level 2 of the Swamp.
             The game lasted 01:45:53 (35258 turns).

Mehrunes the Nimble (Avariel Fire Elementalist)    Turns: 35258, Time: 01:45:54

Health: -3/103     AC: 14    Str:  7    XL:     16   Next: 59%
Magic:  53/53      EV: 19    Int: 33    God:    Sif Muna [******]
Gold:   638        SH: 12    Dex: 18    Spells: 7/38 levels left

rFire    + + .     GDR:     29% a - +9 staff of Wucad Mu {crush, +Abjure *Drain MP+20}
rCold    x . .     SeeInvis .   r - +1 buckler {reflect}
rNeg     . . .     Gourm    .   p - +5 ring mail of Protective Custody {rF+}
rPois    +         Faith    .   c - +2 hat {Int+3}
rElec    +         Spirit   .   Z - scarf {stasis}
rCorr    .         Reflect  +   J - +0 pair of gloves
MR       +....                  N - +0 pair of boots
Stlth    ++........             d - +4 amulet of reflection
HPRegen  0.27/turn              v - ring "Veminu" {rElec rPois Dex+5}
MPRegen  0.33/turn              T - ring of Ipioren {Fire Int+2}

@: flying quickly and evasively, lightly drained, quick
A: able to fly
a: Stop Flying, Divine Energy, Channel Magic, Forget Spell, Moment of Magic,
Renounce Religion


You were on level 2 of the Swamp.
You worshipped Sif Muna.
Sif Muna was exalted by your worship.
You were not hungry.

You visited 5 branches of the dungeon, and saw 23 of its levels.
You also visited: Sewer, Ossuary, Bailey and Ice Cave.

You collected 2997 gold pieces.
You spent 2359 gold pieces at shops.

Inventory:

Hand Weapons
 a - the +9 staff of Wucad Mu (weapon) {crush, +Abjure *Drain MP+20}
   (You acquired it on level 10 of the Dungeon)

   It will always inflict at least some extra damage.
   This minimum extra damage increases with your current reserve of magical
   power.
   It affects your magic capacity (+20).
   It causes draining when unequipped.
Armour
 c - a +2 hat of intelligence (worn)
 p - the +5 ring mail of Protective Custody (worn) {rF+}
   (You found it on level 11 of the Dungeon)

   It protects you from fire.
 r - a +1 buckler of reflection (worn)
 w - a +0 cloak
 y - quicksilver dragon scales
 J - a +0 pair of gloves (worn)
 N - a +0 pair of boots (worn)
 Z - a scarf of stasis (worn)
Jewellery
 b - an uncursed ring of protection from magic
 d - a +4 amulet of reflection (around neck)
 u - an uncursed ring of see invisible
 v - the ring "Veminu" (left hand) {rElec rPois Dex+5}
   (You acquired it on level 4 of the Lair of Beasts)

   [ring of dexterity]

   It affects your dexterity (+5).
   It insulates you from electricity.
   It protects you from poison.
 C - the ring "Casesairch" {Ice +Blink Dex+2 Slay-5}
   (You found it on level 6 of the Lair of Beasts)

   [ring of ice]

   It enhances your ice magic.
   It affects your dexterity (+2).
   It affects your accuracy and damage with ranged weapons and melee attacks
   (-5).
   It makes you vulnerable to fire.
   It protects you from cold.
   It lets you blink.
 I - the ring "Qalaakk" {rElec rF- Dex+3 Stlth--}
   (You found it on level 2 of the Swamp)

   [ring of attention]

   It affects your dexterity (+3).
   It makes you vulnerable to fire.
   It insulates you from electricity.
   It makes you much less stealthy.
 K - an uncursed ring of protection from fire
 R - a +5 ring of intelligence
 T - the ring of Ipioren (right hand) {Fire Int+2}
   (You found it on level 1 of the Lair of Beasts)

   [ring of fire]

   It enhances your fire magic.
   It affects your intelligence (+2).
   It protects you from fire.
   It makes you vulnerable to cold.
 V - a +4 ring of strength
 W - an uncursed ring of wizardry {unknown}
Wands
 q - a wand of acid (13)
 A - a wand of clouds (5)
 L - a wand of polymorph (10)
 U - a wand of charming (19)
 X - a wand of iceblast (14)
Scrolls
 h - 3 scrolls of immolation
 i - a scroll of identify
 m - 7 scrolls of amnesia
 n - 8 scrolls of remove curse
 s - a scroll of blinking
 t - 5 scrolls of fear
 M - a scroll of enchant armour
 P - 4 scrolls of teleportation
Potions
 f - 14 potions of curing
 g - 5 potions of brilliance
 j - 5 potions of mutation
 k - 8 potions of might
 l - a potion of resistance {unknown}
 o - 8 potions of lignification
 z - 5 potions of magic {unknown}
 B - 4 potions of ambrosia {unknown}
 D - 2 potions of agility {unknown}
 E - a potion of heal wounds
 H - 4 potions of flight {unknown}
 O - 2 potions of cancellation {unknown}
 Y - 3 potions of invisibility {unknown}
Miscellaneous
 x - a phantom mirror
 Q - a lamp of fire
Comestibles
 e - 35 rations {!d}
 F - a chunk of flesh


   Skills:
 - Level 12.5(12.2) Fighting
 - Level 12.8(12.5) Dodging
 - Level 2.1(1.9) Stealth
 * Level 5.7(5.4) Shields
 - Level 11.9(11.6) Spellcasting
 - Level 11.7(11.4) Conjurations
 - Level 10.9(10.6) Necromancy
 - Level 10.1(9.8) Fire Magic
 - Level 7.6(7.4) Earth Magic
 + Level 8.9(8.6) Invocations


You had 7 spell levels left.
You knew the following spells:

 Your Spells              Type           Power        Failure   Level  Hunger
a - Flame Tongue          Conj/Fire      #####        1%          1    None
b - Conjure Flame         Conj/Fire      #######.     1%          3    None
c - Sticky Flame          Conj/Fire      #######.     1%          4    None
d - Fireball              Conj/Fire      #######...   5%          5    ###....
e - Summon Butterflies    Summ           ###.....     16%         1    None
f - Bolt of Fire          Conj/Fire      #######...   30%         6    #####..
g - Borgnjor's Vile Clut  Necr/Erth      ######....   52%         6    #####..
h - Bolt of Magma         Conj/Fire/Erth #######...   9%          5    ###....

Your spell library contained the following spells:

 Spells                   Type           Power        Failure   Level  Hunger
 Sandblast                Erth           ######       1%          1    None
 Sting                    Conj/Pois      ####         1%          1    None
 Throw Frost              Conj/Ice       ######       1%          2    None
 Stone Arrow              Conj/Erth      ######       1%          3    None
 Animate Dead             Necr           N/A          1%          4    None
 Flaming Arrows           Chrm/Fire      ######..     3%          2    None
 Bolt of Draining         Conj/Necr      #######...   4%          5    ###....
 Passwall                 Tmut/Erth      #####...     5%          2    None
 Dispel Undead            Necr           ######..     5%          5    ###....
 Inner Flame              Hex/Fire       N/A          6%          3    None
 Mephitic Cloud           Conj/Pois/Air  #####...     10%         3    None
 Ignite Poison            Fire/Tmut/Pois ######..     12%         3    None
 Apportation              Tloc           ###...       16%         1    None
 Beastly Appendage        Tmut           ###...       16%         1    None
 Corona                   Hex            ###....      16%         1    None
 Freeze                   Ice            ###...       16%         1    None
 Infusion                 Chrm           ###.....     16%         1    None
 Slow                     Hex            ###.....     16%         1    None
 Throw Icicle             Conj/Ice       ######..     16%         4    None
 Lee's Rapid Deconstruct  Erth           ######....   22%         5    ###....
 Ensorcelled Hibernation  Hex/Ice        ###...       24%         2    None
 Poisonous Vapours        Pois/Air       ###...       24%         2    None
 Sticks to Snakes         Tmut           ###.....     24%         2    None
 Petrify                  Tmut/Erth      #####.....   34%         4    None
 Irradiate                Conj/Tmut      ######....   38%         5    ###....
 Beckoning                Tloc           ###.......   43%         3    None
 Ozocubu's Armour         Chrm/Ice       ###.....     43%         3    None
 Recall                   Summ/Tloc      N/A          43%         3    None
 Spider Form              Tmut/Pois      ###          43%         3    None
 Tukima's Dance           Hex            ###.....     43%         3    None
 Iron Shot                Conj/Erth      ######....   45%         6    #####..
 Cause Fear               Hex            ###.......   85%         4    None
 Ice Form                 Ice/Tmut       ###.....     85%         4    None
 Summon Ice Beast         Ice/Summ       ###.....     85%         4    None
 Tree Form                Hex/Tmut       N/A          85%         4    None
 Yara's Violent Unravell  Hex/Tmut       ###.......   85%         4    None
 Bolt of Cold             Conj/Ice       ######....   93%         6    #####..
 Conjure Ball Lightning   Conj/Air       ######....   93%         6    #####..
 Poison Arrow             Conj/Pois      ######....   93%         6    #####..
 Summon Mana Viper        Hex/Summ       ###.....     99%         5    ###....
 Statue Form              Tmut/Erth      #####....    99%         6    #####..
 Darkness                 Hex            ###.......   100%        6    #####..
 Infestation              Hex/Tmut/Pois  ###......    100%        6    #####..
 Dragon Form              Tmut           ###....      100%        7    ######.
 Malign Gateway           Summ/Tloc      ###.......   100%        7    ######.
 Shadow Creatures         Summ           N/A          100%        7    ######.
 Chain Lightning          Conj/Air       ######....   100%        8    #######
 Necromutation            Tmut/Necr      ######..     100%        8    #######
 Time Stop                Chrm/Tloc      N/A          100%        8    #######
 Fire Storm               Conj/Fire      #######...   100%        9    #######
 Shatter                  Erth           ######....   100%        9    #######


Dungeon Overview and Level Annotations

Branches:
Dungeon (12/12)            Temple (1/1) D:7            Lair (6/6) D:8
  Swamp (3/3) Lair:4        Snake (0/3) Lair:4        Slime (0/5) Lair:6
    Orc (1/1) D:11            Elf (0/3) Orc          Vaults (0/3) D:11
 Depths (0/5) D:12

Altars:
Ashenzari
Cheibriados
Dithmenos
Elyvilon
Gozag
Hepliaklqana
Kikubaaqudgha
Lugonu
Makhleb
Nemelex Xobeh
Okawaru
Qazlal
Ru
Sif Muna
Trog
Uskayaw
Vehumet
Wu Jian
Xom
Yredelemnul
Zin
The Shining One
Jiyva

Shops:
D:4 ![*}   D:7 :   Orc ([[(*

Annotations:
D:2 Grinder
D:4 12 exclusions
D:5 2 transporters, zoran's ghost, novice GrRe
D:11 2 transporters, yrara's ghost, journeyman DsFi
D:12 2 transporters, donomii's ghost, journeyman EnEE
Lair:3 1 runed translucent door, Wixur's ghost, journeyman DsFi
Swamp:1 3 runed translucent doors, XxPooperXx's ghost, journeyman MiBe
Swamp:2 Lernaean hydra


Innate Abilities, Weirdness & Mutations

You can fly continuously.


Message History

The 27-headed Lernaean hydra bites you.
* * * LOW HITPOINT WARNING * * *
The 27-headed Lernaean hydra bites you!
* * * LOW HITPOINT WARNING * * *
The 27-headed Lernaean hydra completely misses you.
The 27-headed Lernaean hydra bites you but does no damage. x2
The 27-headed Lernaean hydra closely misses you.
The 27-headed Lernaean hydra completely misses you.
A rune on the stairs sparks and fizzles.
You fly upwards.
There is a stone staircase leading down here.
The 27-headed Lernaean hydra completely misses you.
You block the 27-headed Lernaean hydra's attack.
The 27-headed Lernaean hydra bites you!
* * * LOW HITPOINT WARNING * * *
The 27-headed Lernaean hydra bites you but does no damage.
You block the 27-headed Lernaean hydra's attack. x2
The 27-headed Lernaean hydra bites you but does no damage. x2
The 27-headed Lernaean hydra bites you.
You die...

♣§.....≈≈≈≈≈≈....≈.♣ ♣≈≈≈
≈...≈..≈≈≈≈≈≈≈.≈≈≈♣♣ ♣♣♣≈≈
.≈≈≈≈.≈..≈.≈≈≈>≈≈≈♣ ♣♣♣♣♣≈♣≈♣
≈≈≈≈≈.♣..♣♣♣..♣♣♣♣♣ ♣♣♣♣♣≈≈......
≈≈≈≈≈≈....♣♣♣♣♣ ♣♣......≈≈....
≈≈≈≈≈≈..≈≈.♣♣♣ ♣.≈≈≈..≈≈≈≈.≈≈
≈≈≈....≈≈≈.≈≈♣♣♣♣♣♣♣.≈≈≈..≈≈≈≈≈§≈
.≈...≈≈.≈≈..≈..?D>♣♣.≈≈.≈≈..§....
......§...≈≈≈≈≈≈@≈♣♣.≈≈≈.........
≈≈..≈≈≈≈≈≈≈≈≈≈≈≈≈♣♣♣.≈≈≈..≈≈..≈≈.
.≈.≈≈≈≈≈≈≈≈≈≈≈.≈♣♣♣♣.≈...≈≈≈≈....
♣♣.≈≈≈≈≈≈≈≈≈.≈♣♣♣ ♣≈≈♣♣.≈≈≈≈≈..♣♣
≈♣♣≈≈≈≈≈≈≈≈≈.♣≈♣♣ ♣♣♣♣♣♣.≈≈≈≈.≈♣♣
♣≈.≈≈≈≈≈≈≈≈≈≈♣≈.♣♣♣ ♣.≈≈≈≈≈...
.≈.≈≈≈§≈≈≈≈≈.≈≈≈.≈♣ ♣♣.≈§≈.♣..
≈......≈≈≈≈≈≈≈≈≈.♣♣ ♣♣.......<
≈..♣......≈≈≈≈...≈♣ ♣≈......≈≈


You could see the 27-headed Lernaean hydra.

Vanquished Creatures
  Gastronok (Lair:2)
  A sphinx (Lair:4)
  A thorn hunter (Swamp:1)
  An orc warlord (Orc)
  A very ugly thing (D:12)
  An ironheart preserver (D:12)
  An ettin (D:12)
  12 hydras
  2 catoblepae
  2 ice dragons (IceCv)
  Psyche (D:10)
  An ogre mage (D:12)
  An anaconda (Lair:6)
  3 ghost crabs
  4 alligators
  5 two-headed ogres
  An orc high priest (Orc)
  A death yak (Lair:4)
  3 centaur warriors (D:12)
  A hell knight (D:12)
  2 unseen horrors (D:12)
  Pikel (D:5)
  A deep elf archer (D:12)
  2 orc knights
  A wolf spider zombie (D:12)
  4 anaconda skeletons (Lair:4)
  A deep elf mage (D:11)
  2 oklob plants
  An ugly thing (D:10)
  2 manticores
  17 elephants
  4 will-o'-wisps
  10 black mambas
  A torpor snail (Lair:3)
  2 ice statues (IceCv)
  12 cane toads
  4 komodo dragons
  4 rime drakes
  An efreet (D:12)
  An eye of draining (D:11)
  A tengu conjurer (D:11)
  A queen bee (D:8)
  2 wolf spider simulacra (D:12)
  8 polar bears
  4 trolls
  Maurice (Orc)
  6 tyrant leeches
  7 hornets
  13 blink frogs
  2 dream sheep (Lair:6)
  15 slime creatures
  9 hippogriffs
  A harpy skeleton (D:12)
  2 bog bodies
  A meliai zombie (D:8)
  Sigmund (D:3)
  3 shadows
  A wraith (D:11)
  67 yaks
  15 spriggans
  2 wyverns
  2 vampires
  8 vampire mosquitoes
  5 basilisks
  2 hungry ghosts
  Eustachio (D:6)
  A harpy simulacrum (D:12)
  Edmund (D:5)
  Menkaure (Ossuary)
  16 swamp worms
  2 wargs (Orc)
  An acid dragon (D:11)
  18 crocodiles
  10 water moccasins
  7 swamp drakes
  17 porcupines
  3 black bears
  21 ice beasts
  33 orc warriors
  A meliai simulacrum (D:12)
  11 ogres
  3 phantoms
  3 sky beasts
  29 wolves
  3 boggarts (Lair:6)
  10 bullfrogs
  Blork the orc (D:5)
  2 kobold brigands
  An elf zombie (D:5)
  A gnoll sergeant (D:10)
  A wyvern zombie (D:9)
  6 centaurs
  4 scorpions
  25 killer bees
  An oklob sapling (D:11)
  3 electric eels
  6 howler monkeys
  17 orc priests
  6 crimson imps
  A bullfrog zombie (D:5)
  A human zombie (D:5)
  3 quasits
  A gnoll shaman (D:3)
  3 jellies
  Crazy Yiuf (D:3)
  6 bullfrog skeletons
  11 hounds
  20 orc wizards
  2 human skeletons (D:5)
  2 iguanas
  4 worker ants
  A porcupine skeleton (D:10)
  A hound skeleton (D:6)
  4 mummies
  Robin (D:3)
  A howler monkey zombie (D:7)
  22 gnolls
  A howler monkey skeleton (D:5)
  16 adders
  3 river rats (Sewer)
  3 shadow imps
  5 white imps (D:12)
  An ufetubus (D:12)
  An ooze (D:3)
  2 adder skeletons
  5 worms
  3 dart slugs
  5 leopard geckos
  115 orcs
  12 ball pythons
  3 giant cockroaches
  15 goblins
  15 hobgoblins
  15 jackals
  11 quokkas
  3 bats (D:2)
  5 frilled lizards
  A gnoll zombie (Ossuary)
  5 goblin skeletons (Ossuary)
  4 goblin zombies (Ossuary)
  3 hobgoblin skeletons (Ossuary)
  6 hobgoblin zombies (Ossuary)
  A jackal skeleton (D:4)
  28 kobolds
  3 kobold skeletons (Ossuary)
  4 kobold zombies (Ossuary)
  7 orc skeletons
  6 orc zombies
  A quokka zombie (D:6)
  11 rats
  8 rat skeletons (Ossuary)
  5 rat zombies (Ossuary)
  A bush (Lair:3)
  4 plants
984 creatures vanquished.

Vanquished Creatures (others)
  A harpy simulacrum (D:12)
  An orc warrior (Orc)
  3 slaves (D:5)
  An ufetubus (D:12)
  31 fungi
  41 plants
78 creatures vanquished.

Grand Total: 1062 creatures vanquished

Notes
Turn   | Place    | Note
-------+----------+-------------------------------------------
     0 | D:1      | Mehrunes the Avariel Fire Elementalist began the quest for
                  | the Orb.
     0 | D:1      | Reached XP level 1. HP: 10/10 MP: 6/6
   170 | D:1      | Reached XP level 2. HP: 14/16 MP: 2/7
   374 | D:1      | Reached skill level 1 in Fighting
   380 | D:1      | Reached XP level 3. HP: 9/20 MP: 0/9
  1068 | D:2      | Learned a level 3 spell: Conjure Flame
  1532 | D:2      | Reached XP level 4. HP: 25/25 MP: 5/10
  1795 | D:2      | Learned a level 4 spell: Sticky Flame
  2292 | D:3      | Reached XP level 5. HP: 27/30 MP: 5/12
  2460 | D:3      | Found a snail-covered altar of Cheibriados.
  2622 | D:3      | Noticed Robin
  2630 | D:3      | Killed Robin
  2921 | D:3      | Noticed Grinder
  3049 | D:3      | Noticed Sigmund
  3063 | D:3      | Killed Sigmund
  3064 | D:3      | Reached XP level 6. HP: 30/37 MP: 1/14
  3510 | D:3      | Reached XP level 7. HP: 28/41 MP: 9/15
  3731 | D:3      | Found a runed door.
  3735 | D:3      | Noticed Crazy Yiuf
  3743 | D:3      | Killed Crazy Yiuf
  3870 | D:4      | Found Anobik's Antique Armour Shop.
  3878 | D:4      | Bought a runed hat for 154 gold pieces
  3964 | D:4      | Found Gipnikke's Gadget Shoppe.
  4086 | D:4      | Found a bloodstained altar of Trog.
  4224 | D:4      | Found Umnumost's Distillery.
  4353 | D:4      | Found a stormy altar of Qazlal.
  4423 | D:4      | Found Keuntaxo's Assorted Antiques.
  4522 | D:4      | Found a burning altar of Makhleb.
  4564 | D:5      | Entered Level 5 of the Dungeon
  4585 | D:5      | Reached skill level 5 in Fire Magic
  4605 | D:5      | Found a sand-covered staircase.
  4641 | Ossuary  | Entered an ossuary
  4872 | Ossuary  | Learned a level 5 spell: Fireball
  5016 | Ossuary  | Noticed Menkaure
  5018 | Ossuary  | Killed Menkaure
  5019 | Ossuary  | Reached skill level 5 in Spellcasting
  5019 | Ossuary  | Reached XP level 8. HP: 45/48 MP: 17/17
  5101 | D:5      | Reached skill level 5 in Conjurations
  5265 | D:5      | Noticed a death knight
  5269 | D:5      | Noticed Blork the orc
  5280 | D:5      | Killed Blork the orc
  5292 | D:5      | Reached skill level 5 in Fighting
  5567 | D:5      | Noticed Pikel
  5648 | D:5      | Killed Pikel
  5649 | D:5      | Reached skill level 5 in Dodging
  5649 | D:5      | Gained mutation: You can fly continuously. [Avariel growth]
  5649 | D:5      | Reached XP level 9. HP: 55/55 MP: 13/20
  6025 | D:5      | Noticed Edmund
  6042 | D:5      | Killed Edmund
  6271 | D:4      | Learned a level 1 spell: Summon Butterflies
  6415 | D:5      | Found a transporter.
  6419 | D:5      | Found a transporter.
  6429 | D:5      | Noticed zoran's ghost (novice GrRe)
  6788 | D:6      | Noticed Eustachio
  6798 | D:6      | Killed Eustachio
  7185 | D:6      | Found a glowing drain.
  7194 | Sewer    | Entered a sewer
  7337 | Sewer    | Found a white marble altar of Elyvilon.
  7810 | D:6      | Found a snail-covered altar of Cheibriados.
  8108 | D:5      | HP: 1/57 [death knight/+0 halberd (29)]
  8389 | D:7      | Reached XP level 10. HP: 63/63 MP: 22/22
  8458 | D:7      | Found Fodghohaf's Book Boutique.
  9268 | D:7      | Found a staircase to the Ecumenical Temple.
  9403 | Temple   | Entered the Ecumenical Temple
  9848 | Temple   | Became a worshipper of Sif Muna the Loreminder
 10164 | D:8      | Reached skill level 1 in Invocations
 10413 | D:8      | Found a staircase to the Lair.
 10546 | D:8      | Reached * piety under Sif Muna
 10578 | D:8      | Reached XP level 11. HP: 69/69 MP: 25/25
 11353 | D:9      | Found a flagged portal.
 11407 | D:9      | Identified Sif Muna's Catalogue of Changing and Heat (Sif
                  | Muna gifted it to you on level 9 of the Dungeon)
 11407 | D:9      | Received a gift from Sif Muna
 11493 | Bailey   | Entered a bailey
 11581 | Bailey   | Reached ** piety under Sif Muna
 12209 | D:9      | Noticed a manticore
 12219 | D:9      | Killed a manticore
 12472 | D:9      | Got a steaming long sword
 12473 | D:9      | Identified the +5 long sword "Reaplisch" {slice, *Drain
                  | rElec rF++} (You found it on level 9 of the Dungeon)
 12599 | D:9      | Learned a level 6 spell: Bolt of Fire
 13378 | D:10     | Entered Level 10 of the Dungeon
 13587 | D:10     | Reached *** piety under Sif Muna
 13654 | D:10     | Noticed a two-headed ogre
 13690 | D:10     | Killed a two-headed ogre
 13913 | D:10     | Noticed Psyche
 13923 | D:10     | Killed Psyche
 14127 | D:10     | Noticed a purple ugly thing
 14141 | D:10     | Killed a purple ugly thing
 14178 | D:10     | Learned a level 6 spell: Borgnjor's Vile Clutch
 14318 | D:10     | Reached XP level 12. HP: 60/77 MP: 27/27
 14474 | D:10     | Found a roughly hewn altar of Beogh.
 14605 | D:10     | Reached skill level 1 in Necromancy
 14869 | D:11     | Reached **** piety under Sif Muna
 14870 | D:11     | Reached skill level 5 in Invocations
 14918 | D:11     | Noticed an eight-headed hydra
 14931 | D:11     | Reached skill level 1 in Earth Magic
 14944 | D:11     | Killed an eight-headed hydra
 15059 | D:11     | Found a gate to the Vaults.
 15059 | D:11     | Noticed an ironheart preserver
 15316 | D:11     | Reached skill level 10 in Fighting
 15518 | D:10     | Identified a scroll of acquirement
 15521 | D:10     | Identified the +8 trident "Naloafog" {pierce, rElec} (You
                  | acquired it on level 10 of the Dungeon)
 15521 | D:10     | Identified the ring of Perfectionism {rC+ Str+5 Int+6} (You
                  | acquired it on level 10 of the Dungeon)
 15521 | D:10     | Identified Gearof's Collected Works on Battle Magic (You
                  | acquired it on level 10 of the Dungeon)
 15522 | D:10     | Found the +9 staff of Wucad Mu {crush, +Abjure *Drain
                  | MP+20}
 15623 | Lair:1   | Entered Level 1 of the Lair of Beasts
 16453 | Lair:1   | Identified Sif Muna's Tome of Clay and the Voyage (Sif Muna
                  | gifted it to you on level 1 of the Lair of Beasts)
 16453 | Lair:1   | Received a gift from Sif Muna
 16464 | Lair:1   | Reached ***** piety under Sif Muna
 16694 | Lair:1   | Got a coiled jade ring
 17694 | Lair:1   | Identified the ring of Ipioren {Fire Int+2} (You found it
                  | on level 1 of the Lair of Beasts)
 17705 | Lair:1   | Reached skill level 5 in Necromancy
 17879 | Lair:2   | Reached skill level 10 in Dodging
 18174 | Lair:2   | Reached XP level 13. HP: 63/83 MP: 10/28
 19083 | Lair:2   | Noticed Gastronok
 19109 | Lair:2   | Killed Gastronok
 19110 | Lair:2   | Reached skill level 5 in Earth Magic
 19203 | Lair:3   | Received a gift from Sif Muna
 19734 | Lair:3   | Reached ****** piety under Sif Muna
 19830 | Lair:3   | Found a runed translucent door.
 19830 | Lair:3   | Identified the +9 trident "Worm" {flame, rPois}
 19840 | Lair:3   | Noticed Wixur's ghost (journeyman DsFi)
 21075 | Lair:4   | Found a staircase to the Swamp.
 21269 | Lair:4   | Reached XP level 14. HP: 61/90 MP: 29/29
 21556 | Lair:4   | Found a staircase to the Snake Pit.
 21556 | Lair:4   | Noticed a sphinx
 21917 | Lair:4   | Killed a sphinx
 22234 | Lair:4   | Identified the ring "Veminu" {rElec rPois Dex+5} (You
                  | acquired it on level 4 of the Lair of Beasts)
 22234 | Lair:4   | Identified An Early Guide to Spellweaving (You acquired it
                  | on level 4 of the Lair of Beasts)
 22731 | Lair:5   | Found a dark tunnel.
 22779 | Lair:5   | Identified Sif Muna's Disquisition on the Blaze and
                  | Weightlessness (Sif Muna gifted it to you on level 5 of the
                  | Lair of Beasts)
 22779 | Lair:5   | Received a gift from Sif Muna
 22780 | Lair:5   | Found a frozen archway.
 22789 | Lair:5   | Reached skill level 10 in Necromancy
 22822 | IceCv    | Entered an ice cave
 24542 | Lair:6   | Entered Level 6 of the Lair of Beasts
 24668 | Lair:6   | Found a viscous altar of Jiyva.
 24668 | Lair:6   | Found a staircase to the Slime Pits.
 25608 | Lair:6   | Reached skill level 10 in Spellcasting
 25707 | Lair:6   | Reached skill level 10 in Conjurations
 25707 | Lair:6   | Reached XP level 15. HP: 96/96 MP: 12/31
 26267 | Lair:6   | Got a vibrating copper ring
 26270 | Lair:6   | Identified the cursed ring "Casesairch" {Ice +Blink Dex+2
                  | Slay-5} (You found it on level 6 of the Lair of Beasts)
 26739 | Lair:6   | Identified Sif Muna's Volume of the Traveller and the Oath
                  | (Sif Muna gifted it to you on level 6 of the Lair of
                  | Beasts)
 26739 | Lair:6   | Received a gift from Sif Muna
 27803 | D:11     | Found a staircase to the Orcish Mines.
 27823 | D:11     | Noticed yrara's ghost (journeyman DsFi)
 27954 | D:11     | Found a transporter.
 28037 | D:11     | Found a transporter.
 28189 | D:11     | Got a dazzling ring mail
 28193 | D:11     | Got a shimmering turquoise ring
 28197 | D:11     | Identified the cursed ring of the Priest {+Fly rElec MR-
                  | Stlth--} (You found it on level 11 of the Dungeon)
 28258 | D:10     | Identified the +5 ring mail of Protective Custody {rF+}
                  | (You found it on level 11 of the Dungeon)
 28678 | D:11     | Identified the Volume of Nature
 28918 | D:12     | Entered Level 12 of the Dungeon
 29312 | D:12     | Reached skill level 10 in Fire Magic
 29485 | D:11     | Learned a level 5 spell: Bolt of Magma
 30044 | D:12     | Found a staircase to the Depths.
 30056 | D:12     | Found a transporter.
 30071 | D:12     | Found a bloodstained altar of Trog.
 30071 | D:12     | Identified the +11 scimitar of Gozag's Reproof {distort,
                  | MR+ Str+4}
 30075 | D:12     | Found a transporter.
 30078 | D:12     | Noticed donomii's ghost (journeyman EnEE)
 30081 | D:12     | Identified the cursed +2 dire flail of Nessu {antimagic,
                  | Str+5}
 30081 | D:12     | Identified the cursed +2 giant spiked club of the Piercing
                  | Saviour {vamp, Dex+5}
 30163 | D:12     | Reached XP level 16. HP: 101/103 MP: 16/33
 30697 | Orc      | Entered the Orcish Mines
 31546 | Orc      | Found a roughly hewn altar of Beogh.
 31548 | Orc      | Found Kaowam's Assorted Antiques.
 31575 | Orc      | Found a roughly hewn altar of Beogh.
 31678 | Orc      | Found a roughly hewn altar of Beogh.
 31773 | Orc      | Found a roughly hewn altar of Beogh.
 31828 | Orc      | Reached skill level 1 in Shields
 31831 | Orc      | Identified Sif Muna's Catalogue of Stolen Souls and Combat
                  | Magic (Sif Muna gifted it to you in the Orcish Mines)
 31831 | Orc      | Received a gift from Sif Muna
 32072 | Orc      | Found a roughly hewn altar of Beogh.
 32072 | Orc      | Found Zaptaut's Antique Weapon Emporium.
 32073 | Orc      | Found Petai's Antique Armour Shoppe.
 32082 | Orc      | Bought quicksilver dragon scales for 1920 gold pieces
 32340 | Orc      | Found Vaxos's Antique Armour Emporium.
 32346 | Orc      | Found a staircase to the Elven Halls.
 32390 | Orc      | Noticed Maurice
 32398 | Orc      | Killed Maurice
 32450 | Orc      | Found a roughly hewn altar of Beogh.
 32462 | Orc      | Found Fotzokhi's Weapon Boutique.
 32585 | Orc      | Found a roughly hewn altar of Beogh.
 32751 | Orc      | Found a roughly hewn altar of Beogh.
 32988 | Orc      | Bought a scroll of enchant armour for 285 gold pieces
 33186 | Swamp:1  | Entered Level 1 of the Swamp
 33488 | Swamp:1  | Noticed a thorn hunter
 33491 | Swamp:1  | Killed a thorn hunter
 33738 | Swamp:1  | Found a runed translucent gate.
 33739 | Swamp:1  | Found a runed translucent gate.
 33740 | Swamp:1  | Found a runed translucent gate.
 33740 | Swamp:1  | Noticed XxPooperXx's ghost (journeyman MiBe)
 34404 | Swamp:2  | Reached skill level 5 in Shields
 34643 | Swamp:2  | Got a dazzling hat
 34936 | Swamp:2  | Identified the +1 hat of Grace {rC- Str+6 Dex+3} (You found
                  | it on level 2 of the Swamp)
 34964 | Swamp:2  | Got a brightly glowing wooden ring
 34966 | Swamp:2  | Identified the cursed ring "Qalaakk" {rElec rF- Dex+3
                  | Stlth--} (You found it on level 2 of the Swamp)
 34995 | Swamp:3  | Entered Level 3 of the Swamp
 35208 | Swamp:3  | Noticed the 27-headed Lernaean hydra
 35258 | Swamp:2  | HP: 2/103 [the 27-headed Lernaean hydra (10)]
 35258 | Swamp:2  | Slain by the 27-headed Lernaean hydra

Skill      XL: |  1  2  3  4  5  6  7  8  9 10 11 12 13 14 15 16 |
---------------+-------------------------------------------------+-----
Spellcasting   | 3 4 5 6 7 8 9 10 11 | 11.9
Fighting       | 1 2 3 4 5 7 8 9 10 11 12 | 12.5
Conjurations   | 2 3 4 6 7 8 9 10 11 | 11.7
Fire Magic     | 4 5 6 7 8 9 10 | 10.1
Dodging        | 3 4 5 6 7 8 10 11 12 | 12.8
Invocations    | 2 4 5 7 8 |  8.9
Necromancy     | 5 8 10 | 10.9
Earth Magic    | 3 6 7 |  7.6
Shields        | 5 |  5.7
Stealth        | |  2.1

Action                   |  1- 3 |  4- 6 |  7- 9 | 10-12 | 13-15 | 16-18 || total
-------------------------+-------+-------+-------+-------+-------+-------++-------
Melee: Dagger            |    16 |    17 |       |       |       |       ||    33
       Short sword       |       |     7 |       |       |       |       ||     7
       Halberd           |       |    20 |    15 |    31 |       |       ||    66
       Long sword        |       |       |       |    22 |       |       ||    22
       Staff             |       |       |       |    25 |    26 |     8 ||    59
Throw: Stone             |       |       |       |     1 |       |       ||     1
 Cast: Flame Tongue      |    73 |    90 |   327 |   571 |   370 |    26 ||  1457
       Conjure Flame     |       |     2 |    10 |    23 |     6 |       ||    41
       Sticky Flame      |       |     1 |    19 |   144 |    97 |     4 ||   265
       Bolt of Fire      |       |       |       |    14 |   101 |       ||   115
       Summon Butterflie |       |       |       |     1 |     1 |     1 ||     3
       Fireball          |       |       |       |       |   134 |   124 ||   258
       Borgnjor's Vile C |       |       |       |       |    59 |       ||    59
       Bolt of Magma     |       |       |       |       |     7 |    42 ||    49
Invok: Divine Energy     |       |       |       |     4 |     4 |     1 ||     9
       Channel Magic     |       |       |       |     4 |    10 |     5 ||    19
Evoke: Staff of Wucad Mu |       |       |       |       |     4 |       ||     4
  Use: Scroll            |       |       |     9 |    10 |     6 |     4 ||    29
       Potion            |       |       |     1 |     4 |     2 |       ||     7
 Stab: Sleeping          |       |       |       |     2 |       |       ||     2
  Eat: Chunk             |     3 |    10 |    16 |    44 |    98 |    23 ||   194
       Ration            |       |       |     2 |     3 |     8 |     3 ||    16
Armor: Robe              |     4 |    11 |    21 |       |       |       ||    36
       Leather armour    |       |       |     1 |   107 |    59 |       ||   167
       Ring mail         |       |       |       |       |    25 |    30 ||    55
Dodge: Dodged            |    26 |    75 |    96 |   454 |   436 |    54 ||  1141
Block: Other             |       |       |       |       |    41 |       ||    41
       Reflection        |       |       |       |       |     5 |     4 ||     9
       Buckler           |       |       |       |       |       |    58 ||    58
